 Dungeon Crawl Stone Soup version 0.28.0 (webtiles) character file.

Game seed: 3437479644178168092

1099 jfcaron the Summoner (level 8, 0/52 HPs)
             Began as a Barachi Summoner on Feb 6, 2022.
             Was an Initiate of Gozag.
             Killed from afar by a steam dragon (5 damage)
             ... with a ball of steam
             ... on level 6 of the Dungeon.
             The game lasted 00:23:39 (6934 turns).

jfcaron the Summoner (Barachi Summoner)             Turns: 6934, Time: 00:23:39

Health: 0/52       AC:  6    Str: 10    XL:     8   Next: 32%
Magic:  13/15      EV: 12    Int: 17    God:    Gozag
Gold:   288        SH:  0    Dex: 13    Spells: 2/17 levels left

rFire   . . .      SeeInvis .   c - +2 flail (protect)
rCold   . . .      Faith    .   (no shield)
rNeg    . . .      Spirit   .   h - +2 robe {Will+}
rPois   .          Reflect  .   (no helmet)
rElec   .          Harm     .   (no cloak)
rCorr   .          Rampage  .   i - +0 pair of gloves
Will    +....                   e - +0 pair of boots
Stlth   ++........              (no amulet)
HPRegen 0.17/turn               (no ring)
MPRegen 0.14/turn               (no ring)

@: slow
A: amphibious, slowness 1, strong legs 1, +LOS
a: Hop, Renounce Religion, Potion Petition, Call Merchant, Bribe Branch


You were on level 6 of the Dungeon.
You worshipped Gozag.
Gozag was aware of your devotion.
You visited 2 branches of the dungeon, and saw 7 of its levels.

You collected 345 gold pieces.
You paid 57 gold pieces to Gozag.

Inventory:

Hand Weapons
 c - a +2 flail of protection (weapon)
 k - a +3 short sword of speed
Missiles
 q - 5 poisoned darts
Armour
 e - a +0 pair of boots (worn)
 h - a +2 robe of willpower (worn)
 i - a +0 pair of gloves (worn)
Magical Staves
 d - a staff of fire
Wands
 x - a wand of iceblast (7)
Scrolls
 j - 2 scrolls of teleportation
Potions
 a - 2 potions of lignification
 b - 5 potions of curing
 f - 2 potions of heal wounds
 l - a potion of magic {unknown}
 m - a potion of haste {unknown}
 o - a potion of berserk rage {unknown}
 p - 2 potions of ambrosia {unknown}
 r - 4 potions of attraction
 t - a potion of might {unknown}
 z - a potion of cancellation {unknown}


   Skills:
 - Level 2.1 Dodging
 - Level 1.7 Stealth
 - Level 5.0 Spellcasting
 - Level 2.0 Hexes
 + Level 8.6 Summonings
 + Level 2.7 Translocations
 - Level 5.0 Air Magic


You had 2 spell levels left.
You knew the following spells:

 Your Spells              Type           Power      Damage    Failure   Level
a - Summon Small Mammal   Summ           100%       N/A       1%          1
b - Call Imp              Summ           33%        N/A       1%          2
c - Call Canine Familiar  Summ           33%        N/A       1%          3
d - Summon Lightning Spi  Summ/Air       27%        N/A       9%          4
e - Summon Guardian Gole  Hex/Summ       22%        N/A       4%          3
f - Blink                 Tloc           26%        N/A       7%          2

Your spell library contained the following spells:

 Spells                   Type           Power      Damage    Failure   Level
 Lesser Beckoning         Tloc           13%        N/A       14%         3
 Manifold Assault         Tloc           13%        N/A       78%         5


Dungeon Overview and Level Annotations

Branches:
Dungeon (6/15)             Temple (1/1) D:4

Altars:
Ashenzari
Cheibriados
Elyvilon
Fedhas
Gozag
Kikubaaqudgha
Makhleb
Nemelex Xobeh
Okawaru
Qazlal
Ru
Sif Muna
Trog
Uskayaw
Wu Jian
Yredelemnul
Zin
The Shining One

Shops:
D:5 *


Innate Abilities, Weirdness & Mutations

You are amphibious.
You cover ground slowly.
You can hop short distances.
You have an extended range of vision and can be seen from far away.


Message History

The steam dragon misses you.
The steam dragon claws you but does no damage.
You barely miss the steam dragon.
The steam dragon is heavily wounded.
Your hound barely misses the steam dragon.
The steam dragon bites you.
* * * LOW HITPOINT WARNING * * *
The steam dragon claws you but does no damage.
Your hound bites the steam dragon but does no damage.
Your hound bites the steam dragon.
The steam dragon closely misses your hound.
The steam dragon claws your hound.
Your hound barely misses the steam dragon.
The steam dragon bites your hound. The steam dragon misses your hound.
Unknown command.
Your hound misses the steam dragon.
Your hound bites the steam dragon.
The steam dragon closely misses your hound.
The steam dragon completely misses your hound.
Casting: Summon Small Mammal (safe; 1% risk of failure)
Press: ? - help, Q - select action, (/) - cycle Dir - look around, f - activate
Okay, then.
Throw: 6 darts (poison)
Press: ? - help, Shift-Dir - straight line, f - steam dragon
Aim: a steam dragon (almost dead, ally target, 56% to hit)
Really fire in your guardian golem's direction?
You throw a poisoned dart.
The poisoned dart hits the steam dragon.
The steam dragon is poisoned.
The steam dragon is almost dead.
Your hound bites the steam dragon.
The steam dragon breathes steam at you. The ball of steam hits you.
* * * LOW HITPOINT WARNING * * *
Your hound closely misses the steam dragon.
Your hound bites the steam dragon but does no damage.
Your hound barely misses the steam dragon.
The steam dragon breathes steam at you. The ball of steam hits you.
You die...
Your body crumbles into a pile of gold.

###########..####.##.............
#......(.....# #...........#...
............## ##....#......##..
...########## ###...##...........
..## ###§§9.######........ ..##
#§§.Dh## #..###... ...######
#§§§§.# ...# ... ........##
##§.§.# #...# ... .........#
##.@.# .#..# .. ....##...# ##..#
##.... .. ...####..# #..# #...
...# #..# ##.. ###.. ..## #..#
#.. #. ..# #..# #.# ..# #..# #.
..# #..# #. ..# ##..# #.


You could see a friendly guardian golem (summoned) and a friendly hound
(summoned, sheltered).

Vanquished Creatures
  Grinder (D:6)
  A sky beast (D:6)
  3 ogres
  A phantom (D:6)
  3 wights (D:6)
  A centaur zombie (D:5)
  A jelly (D:5)
  A hound (D:6)
  An orc priest (D:5)
  Natasha (thrice) (D:4)
  An orc wizard (D:5)
  A gnoll (D:1)
  A howler monkey skeleton (D:3)
  3 adders
  An ufetubus (D:4)
  4 dart slugs
  4 orcs
  6 bats
  9 endoplasms
  3 giant cockroaches
  7 goblins
  7 hobgoblins
  4 jackals
  5 quokkas
  4 ball pythons
  2 frilled lizards
  14 kobolds
  3 rats
  2 plants (D:3)
97 creatures vanquished.

Notes
Turn   | Place    | Note
-------+----------+-------------------------------------------
     0 | D:1      | jfcaron the Barachi Summoner began the quest for the Orb.
     0 | D:1      | Reached XP level 1. HP: 13/13 MP: 3/3
   102 | D:1      | Reached skill level 5 in Summonings
   251 | D:1      | Reached XP level 2. HP: 19/19 MP: 0/5
   254 | D:1      | Learned a level 2 spell: Call Imp
   873 | D:1      | Reached XP level 3. HP: 24/24 MP: 7/7
   934 | D:1      | Found a faded altar of an unknown god.
   939 | D:1      | Learned a level 3 spell: Call Canine Familiar
  1180 | D:2      | Found a bloodstained altar of Trog.
  1632 | D:2      | Reached XP level 4. HP: 17/30 MP: 7/9
  2296 | D:3      | Reached skill level 6 in Summonings
  3392 | D:4      | Noticed Natasha
  3401 | D:4      | Killed Natasha
  3402 | D:4      | Reached XP level 5. HP: 30/35 MP: 3/11
  3407 | D:4      | Learned a level 4 spell: Summon Lightning Spire
  3469 | D:4      | Found a hide-covered altar of Uskayaw.
  3470 | D:4      | Noticed Natasha
  3483 | D:4      | Killed Natasha
  3565 | D:4      | Reached skill level 1 in Air Magic
  3649 | D:4      | Noticed an ogre
  3689 | D:4      | Killed an ogre
  3690 | D:4      | Reached skill level 7 in Summonings
  3690 | D:4      | Reached XP level 6. HP: 41/41 MP: 8/12
  3694 | D:4      | Learned a level 3 spell: Summon Guardian Golem
  3839 | D:4      | Reached skill level 1 in Hexes
  4077 | D:4      | Found a sacrificial altar of Ru.
  4157 | D:4      | Found a staircase to the Ecumenical Temple.
  4244 | D:5      | Entered Level 5 of the Dungeon
  4321 | Temple   | Entered the Ecumenical Temple
  4333 | Temple   | Became a worshipper of Gozag Ym Sagoz the Greedy
  4618 | D:4      | Noticed Natasha
  4629 | D:4      | Killed Natasha
  4874 | D:5      | Reached XP level 7. HP: 46/46 MP: 8/13
  5202 | D:5      | Found an iron altar of Okawaru.
  5496 | D:5      | Found Irestruza's Mass Market.
  5671 | D:5      | Found a shimmering blue altar of Sif Muna.
  6102 | D:6      | Noticed Grinder
  6294 | D:6      | HP: 8/46 [sky beast (5)]
  6299 | D:6      | Reached skill level 5 in Spellcasting
  6299 | D:6      | Reached skill level 8 in Summonings
  6302 | D:6      | Learned a level 2 spell: Blink
  6794 | D:6      | Killed Grinder
  6795 | D:6      | Reached skill level 5 in Air Magic
  6795 | D:6      | Reached XP level 8. HP: 51/52 MP: 2/15
  6929 | D:6      | HP: 9/52 [steam dragon (6)]
  6932 | D:6      | HP: 4/52 [steam dragon/ball of steam (5)]
  6934 | D:6      | Killed from afar by a steam dragon

Illustrated notes

Levels and vault maps discovered:
D:1:      ebering_trefoil_twist, layout_basic,
          dreamdust_ecumenical_altar_statues, dk_noncrumbling_3
D:2:      minmay_chambers_of_ones, layout_loops_cross, basic_altar,
          nicolae_figureground_sparkle
D:3:      kennysheep_big_flooded_room, layout_loops_cross, chequers_big_river
D:4:      layout_basic, eat_drink_and_be_merry_uskayaw,
          mainiacjoe_overflow_alcove_2, minmay_temple_entry_ruins, minivault_24,
          chequers_serial_rivers_micro_b, uniq_natasha
D:5:      layout_layer_cave, mainiacjoe_overflow_alcove_1,
          nicolae_sif_muna_condensation, minmay_shop_mass, solitary_fountain
D:6:      layout_layer_cave, kennysheep_mini, ebering_ghost_reflecting_pool,
          uniq_grinder
Temple:   nicolae_temple_great_sept

Skill      XL: |  1  2  3  4  5  6  7 |
---------------+----------------------+-----
Summonings     | 5 6 7 8 |  8.6
Spellcasting   | 3 4 5 |  5.0
Air Magic      | 2 3 5 |  5.0
Hexes          | 2 |  2.0
Translocations | 2 |  2.7
Dodging        | |  2.1
Stealth        | |  1.7

Action                   |  1- 3 |  4- 6 |  7- 9 || total
-------------------------+-------+-------+-------++-------
Melee: Dagger            |     6 |       |       ||     6
       Hand axe          |    40 |    53 |    10 ||   103
       Punch             |     1 |       |       ||     1
       Short sword       |       |       |    31 ||    31
       Flail             |       |       |     4 ||     4
Throw: Dart              |       |       |     2 ||     2
 Cast: Summon Small Mamm |    32 |    14 |    10 ||    56
       Call Imp          |     5 |     9 |    11 ||    25
       Call Canine Famil |       |    14 |     6 ||    20
       Summon Guardian G |       |     2 |     6 ||     8
       Summon Lightning  |       |       |     2 ||     2
  Use: Scroll            |       |     7 |     5 ||    12
 Stab: Sleeping          |     5 |     6 |       ||    11
       Distracted        |       |     3 |     1 ||     4
Armor: Robe              |    17 |    26 |    21 ||    64
Dodge: Dodged            |    52 |    49 |    22 ||   123
